 Dungeon Crawl Stone Soup version 0.31-a0-202-g547052bce9 (webtiles) character file.

Game seed: 14889961356139525999

30 qw the Shooter (level 3, -1/20 HPs)
             Began as a Deep Elf Hunter on June 26, 2023.
             Succumbed to their own poison gas
             ... on level 1 of the Dungeon.
             The game lasted 00:00:20 (737 turns).

qw the Shooter (Deep Elf Hunter)                     Turns: 737, Time: 00:00:21

Health: -1/20      AC:  6    Str: 10    XL:     3   Next: 5%
Magic:  5/5        EV:  9    Int: 13    God:
Gold:   36         SH:  0    Dex: 18    Spells: 2/2 levels left

rFire   . . .        Y - +0 shortbow
rCold   . . .        (shield currently unavailable)
rNeg    . . .        j - +0 scale mail
rPois   .            (no helmet)
rElec   .            (no cloak)
rCorr   .            (no gloves)
SInv    .            (no boots)
Will    .....        (no amulet)
Stlth   +            (no ring)
HPRegen 0.23/turn    (no ring)
MPRegen 0.09/turn

%: no passive effects
@: lethally poisoned (-1 -> -42), on berserk cooldown, slowed, very slow
A: no striking features
a: no special abilities


You were on level 1 of the Dungeon.
You visited 1 branch of the dungeon, and saw 1 of its levels.

You collected 36 gold pieces.


   Skills:
 - Level 1.5 Fighting
 + Level 6.6 Ranged Weapons
 - Level 2.4 Dodging
 - Level 1.2 Stealth


You had 2 spell levels left.
You didn't know any spells.
Your spell library was empty.

Inventory:

Hand Weapons
 Y - a +0 shortbow (weapon)
Armour
 j - a +0 scale mail (worn)
Scrolls
 a - a scroll of poison
 b - a scroll of butterflies
Potions
 e - a potion of curing {unknown}
 h - a potion of berserk rage
 i - a potion of enlightenment {unknown}

Dungeon Overview and Level Annotations

Branches:
Dungeon (1/15)

Altars:


Message History

Enter note:
Enter note:
Enter note: Done exploring.
720 ||| UPGRADING to +0 scale mail.
You start removing your armour.
You continue taking off your +0 leather armour. x4
You finish taking off your +0 leather armour.
You start putting on your armour.
You continue putting on your +0 scale mail. x5
You finish putting on your +0 scale mail.
730 ||| DROPPING +0 leather armour.
You drop a +0 leather armour.
Done exploring.
731 ||| DROPPING ring of magical power.
You drop a ring of magical power.
Done exploring.
732 ||| DROPPING ring of flight.
You drop a ring of flight.
Done exploring.
733 ||| READING 2 scrolls labelled ZUWEAF ZAUBAN.
The air fills with toxic fumes!
As you read the scroll labelled ZUWEAF ZAUBAN, it crumbles to dust.
It was a scroll of poison.
Done exploring.
734 ||| DRINKING 2 bubbling sapphire potions.
It was a potion of berserk rage.
A red film seems to cover your vision as you go berserk!
You feel yourself moving faster!
You feel mighty!
Really walk into that cloud of poison gas?
You feel a strong urge to attack something.
You are engulfed in poison gas.
You are poisoned.
You feel very sick.
You are engulfed in poison gas.
You are lethally poisoned!
You feel very sick.
You feel your anger nearly subside.
You are engulfed in poison gas.
You are more poisoned.
You are no longer berserk.
You are exhausted.
You feel yourself slow down.
You die...

.###.########.#..........#
...............>#######..#
...#.#.###....#.# #..#
...#.#.###..#.#.# #..#
...#.#.##...#.### #..#
.....#.##.#.#.# #..#
..............# #..#
...##.......¤¤#########¤¤##
...%........¤¤¤¤@¤¤¤¤¤¤¤¤.#
####........¤¤¤¤¤¤¤=¤¤¤¤¤.#
#........¤¤#############
#..........# #..........#
#..........# ##..........#
###.........#.#
.#...########.#


There were no monsters in sight!

Vanquished Creatures
  3 endoplasms (D:1)
  2 giant cockroaches (D:1)
  4 hobgoblins (D:1)
  2 jackals (D:1)
  3 kobolds (D:1)
  3 quokkas (D:1)
  A ball python (D:1)
  2 frilled lizards (D:1)
  4 goblins (D:1)
  2 rats (D:1)
26 creatures vanquished.

Notes
Turn   | Place    | Note
-------+----------+-------------------------------------------
     0 | D:1      | qw the Deep Elf Hunter began the quest for the Orb.
     0 | D:1      | Reached XP level 1. HP: 12/12 MP: 3/3
     0 | D:1      | 0 ||| qw: Version: 0.3-a-22-g0ed2b0b
     0 | D:1      | 0 ||| qw: Game counter: 6327
     0 | D:1      | 0 ||| qw: Melee chars always use a shield: true
     0 | D:1      | 0 ||| qw: God list: Okawaru
     0 | D:1      | 0 ||| qw: Allow faded altars: false
     0 | D:1      | 0 ||| qw: Do Orc after clearing Dungeon:15 true
     0 | D:1      | 0 ||| qw: Do second Lair branch before Depths: true
     0 | D:1      | 0 ||| qw: Lair rune preference: random
     0 | D:1      | 0 ||| qw: Goals: Normal
     0 | D:1      | 0 ||| PLANNING D:1-11
    81 | D:1      | Reached skill level 6 in Ranged Weapons
    81 | D:1      | Reached XP level 2. HP: 16/16 MP: 4/4
   262 | D:1      | 262 ||| FLEEEEING.
   267 | D:1      | 267 ||| FLEEEEING.
   531 | D:1      | Reached XP level 3. HP: 20/20 MP: 5/5
   720 | D:1      | 720 ||| UPGRADING to +0 scale mail.
   730 | D:1      | 730 ||| DROPPING +0 leather armour.
   731 | D:1      | 731 ||| DROPPING ring of magical power.
   732 | D:1      | 732 ||| DROPPING ring of flight.
   733 | D:1      | 733 ||| READING 2 scrolls labelled ZUWEAF ZAUBAN.
   734 | D:1      | 734 ||| DRINKING 2 bubbling sapphire potions.
   737 | D:1      | Succumbed to their own poison gas

Levels and vault maps discovered:
D:1:      wander_arrival_peaceful_grave, layout_basic, minmay_pentomino_x4

Skill      XL: |  1 |
---------------+----+-----
Ranged Weapons | 6 |  6.6
Fighting       | |  1.5
Dodging        | |  2.4
Stealth        | |  1.2

Action                     || total
---------------------------++-------
   Fire: Shortbow          ||    89
    Use: Scroll            ||     1
         Potion            ||     1
 Armour: Leather armour    ||     9
  Dodge: Dodged            ||    26

Table legend:
 A = Non-vault XP
 B = Vault XP
 C = Vault XP percentage of total XP
 D = Non-vault monster count
 E = Vault monster count
 F = Vault count percentage of total count
                 A         B        C        D         E       F
            +---------+---------+-------+---------+---------+-------
      Total |      40 |       4 |   9.1 |      24 |       2 |   7.7
            +---------+---------+-------+---------+---------+-------
        D:1 |      40 |       4 |   9.1 |      24 |       2 |   7.7
            +---------+---------+-------+---------+---------+-------
